 Dungeon Crawl Stone Soup version 0.31-a0-986-g5e6e4ef867 (webtiles) character file.

Game seed: 1100774337766673669

70 serber55 the Conjurer (level 4, -6/28 HPs)
             Began as an Octopode Conjurer on Nov 17, 2023.
             Mangled by an orc priest
             ... wielding a +2 whip of venom
              (8 damage)
             ... on level 2 of the Dungeon.
             The game lasted 00:05:53 (2109 turns).

serber55 the Conjurer (Octopode Conjurer)           Turns: 2109, Time: 00:05:55

Health: -6/28      AC:  1    Str:  8    XL:     4   Next: 21%
Magic:  7/7        EV: 13    Int: 20    God:
Gold:   71         SH:  0    Dex: 10    Spells: 2/8 levels left

rFire   . . .        b - +0 club
rCold   . . .        (no shield)
rNeg    . . .        (helmet restricted)
rPois   .            (no amulet)
rElec   .            e - ring of resist corrosion
rCorr   +            (no ring)
SInv    .            (no ring)
Will    +....        (no ring)
Stlth   ++           (no ring)
HPRegen 0.24/turn    (no ring)
MPRegen 0.10/turn    (no ring)
                     (no ring)

%: no passive effects
@: confused, mighty, lethally poisoned (-6 -> -22), ambrosia-drunk, enlightened,
flying
A: almost no armour, amphibious, 8 rings, camouflage 1, gelatinous body 1,
(nimble swimmer 1), tentacles
a: no special abilities


You were on level 2 of the Dungeon.
You visited 1 branch of the dungeon, and saw 3 of its levels.

You collected 71 gold pieces.

Inventory:

Hand Weapons
 b - a +0 club (weapon)
Jewellery
 e - a ring of resist corrosion (left tentacle)
 l - a ring of protection from cold
Scrolls
 c - a scroll of acquirement {unknown}
 d - 3 scrolls of revelation {unknown}
 g - 2 scrolls of amnesia {unknown}
 j - a scroll of identify {unknown}
 m - a scroll of enchant armour {unknown}
Potions
 a - a potion of magic
 f - a potion of heal wounds
 k - a potion of enlightenment


   Skills:
 + Level 1.4 Fighting
 + Level 2.5 Dodging
 - Level 2.6 Stealth
 + Level 2.5 Spellcasting
 * Level 4.6 Conjurations


You had 2 spell levels left.
You knew the following spells:

 Your Spells              Type           Power      Damage    Failure   Level
a - Magic Dart            Conj           84%        1d7       2%          1
b - Searing Ray           Conj           42%        2d6       3%          2
c - Dazzling Flash        Conj/Hex       22%        N/A       17%         3

Your spell library contained the following spells:

 Spells                   Type           Power      Damage    Failure   Level
 Ignite Poison            Fire/Tmut/Pois 2%         N/A       41%         3
 Fulminant Prism          Conj/Hex       5%         3d6       50%         4
 Iskenderun's Mystic Bla  Conj/Tloc      11%        2d4       50%         4
 Sticky Flame             Conj/Fire      11%        2d3       50%         4
 Ignition                 Fire           1%         3d3       100%        8


Dungeon Overview and Level Annotations

Branches:
Dungeon (3/15)

Altars:

Annotations:
D:3 Terence


Innate Abilities, Weirdness & Mutations

You cannot wear most types of armour.
You are amphibious.
You can wear up to eight rings at the same time.
Your skin changes colour to match your surroundings (Stealth+).
Your rubbery body absorbs attacks. (AC +1, EV +1)
((You are camouflaged when in or above water. (Stealth+)))
You have tentacles for arms and can constrict up to eight enemies at once.


Message History

Level annotation: Terence The orc shouts!
You hear a shout!
The orc priest hits you with a +2 whip of venom.
You are poisoned.
The orc wizard barely misses you.
Found 12 gold pieces.
There is a stone staircase leading up, spattered with blood here.
You feel very sick. The orc wizard misses you.
The orc priest hits you with a +2 whip of venom.
You are more poisoned.
You climb upwards.
You feel very sick.
There is a stone staircase leading down here.
It was a potion of heal wounds.
You feel much better.
You feel very sick.
The orc priest hits you with a +2 whip of venom.
You are lethally poisoned!
The orc wizard hits you with a +0 dagger.
It was a potion of ambrosia.
You are confused.
You feel invigorated.
You feel very sick. The orc priest barely misses you.
The orc wizard hits you with a +0 dagger.
It was a potion of might.
You feel very mighty all of a sudden.
You feel very sick.
The orc priest hits you with a +2 whip of venom.
* * * LOW HITPOINT WARNING * * *
You are more poisoned.
The orc wizard hits you with a +0 dagger.
* * * LOW HITPOINT WARNING * * *
It was a potion of enlightenment.
You feel very buoyant.
You fly up into the air.
* * * LOW HITPOINT WARNING * * *
You feel very sick.
The orc priest hits you with a +2 whip of venom!
You die...

#.#.###.# #.#.......#
#.#.....# #.........#
#.#.###############.###.##.##
#.#........<............##.#
#...###############.######.#
#.#.## #....# #.# .###.#
####.# #<# #.#.##
#############.###.# ....#
##.....o@o.........#
#...#####..#..########.#####
#.........###.# #.#
##..#####.....# #.# #..#
####....# #.# #..# #..†#...#
#.# #..###...##### #.#
##..#.......##########.#
.......................#


You could see an orc priest and an orc wizard.

Vanquished Creatures
  2 adders
  5 endoplasms
  3 giant cockroaches
  2 goblins
  5 hobgoblins
  10 jackals
  A quokka (D:1)
  5 ball pythons
  4 bats
  4 frilled lizards (D:1)
  A kobold (D:2)
  3 rats
45 creatures vanquished.

Notes
Turn   | Place    | Note
-------+----------+-------------------------------------------
     0 | D:1      | serber55 the Octopode Conjurer began the quest for the Orb.
     0 | D:1      | Reached XP level 1. HP: 11/11 MP: 3/3
   216 | D:1      | Reached XP level 2. HP: 18/18 MP: 3/5
   219 | D:1      | Learned a level 2 spell: Searing Ray
   759 | D:1      | Reached XP level 3. HP: 22/22 MP: 3/6
   888 | D:1      | Reached skill level 1 in Fighting
  1418 | D:2      | Learned a level 3 spell: Dazzling Flash
  1795 | D:2      | Reached XP level 4. HP: 28/28 MP: 4/7
  2024 | D:3      | Noticed Terence
  2109 | D:2      | Mangled by an orc priest

Illustrated notes

Levels and vault maps discovered:
D:1:      spicycebolla_green_bress_n_ham_2, layout_rooms,
          minmay_misc_feat_enclosed, minivault_19, minmay_tetromino_o2
D:2:      layout_loops_ring
D:3:      layout_loops_cross, uniq_terence

Skill      XL: |  1  2  3 |
---------------+----------+-----
Fighting       | 1 |  1.4
Dodging        | |  2.5
Stealth        | |  2.6
Spellcasting   | |  2.5
Conjurations   | |  4.6

Action                     |  1- 3 |  4- 6 || total
---------------------------+-------+-------++-------
  Melee: Club              |     1 |     2 ||     3
         Tentacles         |     1 |     1 ||     2
   Cast: Magic Dart        |    70 |     2 ||    72
         Searing Ray       |     2 |     1 ||     3
    Use: Potion            |       |     4 ||     4
   Stab: Sleeping          |       |     1 ||     1
 Armour: Skin              |     3 |     8 ||    11
  Dodge: Dodged            |     2 |     3 ||     5

Table legend: (Time is in decaauts)
 A = Elapsed time spent in this place.
 B = Non-inter-level travel time spent in this place.
 C = Inter-level travel time spent in this place.
 D = Time resting spent in this place.
 E = Time spent auto-exploring this place.
 F = Levels seen in this place.
 G = Mean time per level.
                   A        B        C        D        E       F      G
               +--------+--------+--------+--------+--------+-----+--------+
         Total |   2109 |   2051 |     58 |    377 |   1469 |   3 |  703.0 |
       Dungeon |   2109 |   2051 |     58 |    377 |   1469 |   3 |  703.0 |
               +--------+--------+--------+--------+--------+-----+--------+

Top non-repeatable levels by time:
     D:2: 1163 daAuts
     D:1: 936 daAuts
     D:3: 10 daAuts
